 Dungeon Crawl Stone Soup version 0.14-a0-2091-gca92d1a (webtiles) character file.

336 HollowCharge the Covered (level 5, 0/36 HPs)
             Began as a Formicid Fighter on Jan 25, 2014.
             Slain by a worker ant (3 damage)
             ... on Level 4 of the Dungeon.
             The game lasted 00:14:57 (2988 turns).

HollowCharge the Covered (Formicid Fighter)         Turns: 2988, Time: 00:14:57

HP   0/36        AC  9     Str 22      XL: 5   Next: 38%
MP   5/5         EV  6     Int  7      God:
Gold 226         SH 19     Dex 10      Spells:  0 memorised,  4 levels left

rFire  . . .     SeeInvis +     a - +0 hand axe
rCold  . . .     Clarity  .     b - +0 scale mail
rNeg   . . .     Conserve +     c - +0 shield
rPois  x         rCorr    .     (helmet unavailable)
rElec  .         rRot     .     (no cloak)
SustAb . .       Spirit   .     (no gloves)
rMut   .         Warding  .     m - +0 pair of orc boots
Saprov . . .     Stasis   +     p - amulet of conservation
MR     .....                    (no ring)
                                (no ring)

@: mildly poisoned, not resistant to hostile enchantments, extremely unstealthy
A: permanent stasis, dig shafts and tunnels, four strong arms, poison weakness,
antennae 3, exoskeleton 1
a: Dig, Shaft Self


You were on level 4 of the Dungeon.
You were not hungry.

You visited 1 branch of the dungeon, and saw 4 of its levels.

You collected 226 gold pieces.

Inventory:

Hand weapons
 a - a +0,+0 hand axe (weapon)
Armour
 b - a +0 scale mail (worn)
 c - a +0 shield (worn)
 m - a +0 pair of orcish boots (worn)
Comestibles
 d - 3 bread rations
 r - a choko
 s - a meat ration
Scrolls
 e - 2 scrolls of remove curse {unknown}
 v - 2 scrolls of amnesia
Jewellery
 p - an amulet of conservation (around neck)
Potions
 f - a potion of invisibility
Books
 g - a book of Maledictions

   Spells                             Type                      Level
   Corona                             Hexes                        1
   Sure Blade                         Hexes/Charms                 2
   Ensorcelled Hibernation            Hexes/Ice                    2
   Confuse                            Hexes                        3
   Enslavement                        Hexes                        4
   Invisibility                       Hexes                        6


   Skills:
 + Level 3.5 Fighting
 * Level 3.0 Axes
 + Level 4.3 Armour
 + Level 1.2 Dodging
 + Level 3.5 Shields


You had 4 spell levels left.
You didn't know any spells.

Dungeon Overview and Level Annotations

Branches:
Dungeon (4/16)
 Temple: D:4-7

Altars:


Innate Abilities, Weirdness & Mutations

Your are under a permanent stasis effect.
You can dig through walls and to a lower floor.
Your four strong arms can wield any weapon, most with a shield.
You are susceptible to poison.
You have a pair of large antennae on your head (SInv).
Your body is surrounded by an exoskeleton. (AC +1)


Message History

The worker ant is moderately wounded.
* * * LOW HITPOINT WARNING * * *
You feel sick. The worker ant bites you.
* * * LOW HITPOINT WARNING * * *
The worker ant bites you.
* * * LOW HITPOINT WARNING * * *
You feel refreshed.
It was a potion of restore abilities.
The worker ant bites you but does no damage.
You are confused.
It was a potion of confusion.
* * * LOW HITPOINT WARNING * * *
You feel sick.
The worker ant bites you but does no damage.
Your stasis keeps you stable.
It was a potion of paralysis.
* * * LOW HITPOINT WARNING * * *
You feel sick. The worker ant barely misses you.
Ouch! You feel less confused. The worker ant bites you.
You die...

..##.###....[......#......
#..>..........######......
...#.###.###### #..... #.#
#....# #.# #.. #.#####
#.....# #####.# #@# #a#
#p# #...........
###.####### #.. ##. .# .#


You could see a phantom and a worker ant.

Vanquished Creatures
  2 adders (D:2)
  An inept feature mimic (D:3)
  A worm (D:3)
  A giant gecko (D:1)
  5 oozes
  An orc (D:4)
  6 bats
  7 giant cockroaches
  9 hobgoblins
  2 quokkas (D:2)
  7 giant newts
  5 goblins
  7 jackals
  4 kobolds
  14 rats
72 creatures vanquished.

Notes
Turn   | Place    | Note
--------------------------------------------------------------
     0 | D:1      | HollowCharge, the Formicid Fighter, began the quest for the Orb.
     0 | D:1      | Reached XP level 1. HP: 16/16 MP: 1/1
   133 | D:1      | Reached XP level 2. HP: 17/21 MP: 2/2
   448 | D:1      | Reached XP level 3. HP: 24/26 MP: 3/3
   868 | D:2      | Reached skill level 4 in Armour
  1102 | D:2      | Reached XP level 4. HP: 31/31 MP: 4/4
  2019 | D:1      | Reached XP level 5. HP: 24/36 MP: 5/5
  2026 | D:1      | Reached skill level 1 in Dodging
  2961 | D:4      | Noticed a phantom
  2988 | D:4      | Slain by a worker ant

Action                   |  1- 3 |  4- 6 || total
-------------------------+-------+-------++-------
Melee: Hand axe          |    95 |   244 ||   339
  Use: Scroll            |       |    11 ||    11
       Potion            |       |     3 ||     3
